 Dungeon Crawl Stone Soup version 0.27.1 (webtiles) character file.

Game seed: 7478828310791329634

3368 Gwenloh the Cleaver (level 9, -3/85 HPs)
             Began as a Minotaur Gladiator on Aug 26, 2021.
             Was a Believer of Wu Jian.
             Slain by a cyclops (13 damage)
             ... on level 7 of the Dungeon.
             The game lasted 00:19:20 (8015 turns).

Gwenloh the Cleaver (Minotaur Gladiator)            Turns: 8015, Time: 00:19:21

Health: -3/85      AC: 13    Str: 18    XL:     9   Next: 73%
Magic:  8/8        EV: 15    Int:  6    God:    Wu Jian [**....]
Gold:   427        SH:  0    Dex: 15    Spells: 8/8 levels left

rFire    . . .     SeeInvis .   a - +0 war axe
rCold    . . .     Faith    +   (no shield)
rNeg     . . .     Spirit   .   F - +3 leather armour {rPois}
rPois    +         Reflect  .   c - +0 hat
rElec    .         Harm     .   (no cloak)
rCorr    .         Rampage  .   h - +0 pair of gloves
Will     .....                  l - +0 pair of boots
Stlth    +.........             L - amulet of faith
HPRegen  0.24/turn              k - +4 ring of protection
MPRegen  0.11/turn              (no ring)

@: studying Long Blades
A: horns 2, retaliatory headbutt
a: Renounce Religion, Wall Jump


You were on level 7 of the Dungeon.
You worshipped Wu Jian.
Wu Jian was pleased with you.
You visited 1 branch of the dungeon, and saw 8 of its levels.

You collected 427 gold pieces.

Inventory:

Hand Weapons
 a - a +0 war axe (weapon)
 b - a +0 shortbow
 C - a +2 trident
 I - a +0 hunting sling of flaming
Missiles
 d - 3 throwing nets
 f - 142 stones
 i - 142 arrows
 m - 17 boomerangs (quivered)
Armour
 c - a +0 hat (worn)
 g - a +0 ring mail
 h - a +0 pair of gloves (worn)
 l - a +0 pair of boots (worn)
 F - a +3 leather armour of poison resistance (worn)
Jewellery
 e - an amulet of magic regeneration
 k - a +4 ring of protection (left hand)
 L - an amulet of faith (around neck)
Wands
 u - a wand of paralysis (1)
 A - a wand of mindburst (23)
 K - a wand of acid (4)
Scrolls
 n - a scroll of teleportation
 p - a scroll of vulnerability
 q - 2 scrolls of blinking
 r - 2 scrolls of identify
 v - 2 scrolls of enchant armour {unknown}
 w - 2 scrolls of magic mapping {unknown}
 x - a scroll of brand weapon {unknown}
 y - 2 scrolls of torment {unknown}
 z - a scroll of noise {unknown}
 D - a scroll of immolation {unknown}
 J - a scroll of fog {unknown}
 M - a scroll of enchant weapon {unknown}
Potions
 j - a potion of curing
 o - a potion of brilliance {unknown}
 s - a potion of haste
 t - 2 potions of berserk rage {unknown}
 B - 4 potions of heal wounds {unknown}
 E - a potion of ambrosia {unknown}
 G - a potion of cancellation {unknown}
 H - a potion of attraction {unknown}


   Skills:
 * Level 9.8 Fighting
 * Level 10.2 Axes
 - Level 2.0 Throwing
 + Level 6.6 Armour
 + Level 7.0 Dodging


You had 8 spell levels left.
You didn't know any spells.
Your spell library contained the following spells:

 Spells                   Type           Power      Damage    Failure   Level
 Pain                     Necr           0%         1d4       50%         1
 Olgreb's Toxic Radiance  Pois           0%         N/A       99%         4
 Agony                    Necr           0%         N/A       100%        5
 Excruciating Wounds      Necr           0%         N/A       100%        5
 Ozocubu's Refrigeration  Ice            0%         4d5       100%        7
 Ignition                 Fire           0%         3d3       100%        8


Dungeon Overview and Level Annotations

Branches:
Dungeon (8/15)             Temple (0/1) D:6
   Lair: D:8-11

Altars:
Gozag
Makhleb
Trog
Uskayaw
Wu Jian
Xom

Annotations:
D:3 2 transporters


Innate Abilities, Weirdness & Mutations

You have a pair of horns on your head.
You reflexively headbutt those who attack you in melee.


Message History

You furiously retaliate!
You headbutt the kobold. You hit the kobold.
You kill the kobold!
The Council accepts your kill.
You slash the kobold!
You kill the kobold!
The Council accepts your kill.
You completely miss the kobold.
The kobold unwields a +0 hand crossbow.
The kobold wields a +0 dagger.
The kobold closely misses you.
A sky beast comes into view.
The cyclops throws a large rock.
The large rock hits you!!
You spin and attack the kobold.
You slash the kobold!
You kill the kobold!
The Council accepts your kill.
You lunge at the cyclops.
You hit the cyclops but do no damage. You headbutt the cyclops.
The cyclops is lightly wounded.
The sky beast flickers out of sight!
Deactivating autopickup; reactivate with Ctrl-A.
You see here an arrow.
You slash the cyclops!
The cyclops is moderately wounded.
The cyclops barely misses you. Something barely misses you.
You hit the cyclops. You headbutt the cyclops.
The cyclops is moderately wounded.
You closely miss something. The cyclops hits you.
Something hits you but does no damage.
You hit the cyclops.
The cyclops is moderately wounded.
You closely miss something. Something hits you but does no damage.
You slash the cyclops! You headbutt the cyclops.
The cyclops is severely wounded.
You barely miss something. The cyclops hits you!!
* * * LOW HITPOINT WARNING * * *
Something hits you.
* * * LOW HITPOINT WARNING * * *
Something shocks you.
* * * LOW HITPOINT WARNING * * *
It was a potion of curing.
You feel better. The cyclops hits you!
You die...

.<.......#..............
...###..#....(..........
...# #####.#(((.........
...### ###.#...)........
....[#.......)).........
..............).........
..............>)........
........................
.........#......@.......
...#.....#......C{.#....
...#..##.##........##...
......# ..#.........# ..
.###... ..........#.. .
#. ..## ..##.......... #
.. .........#..
.......#.....


You could see a cyclops.

Vanquished Creatures
  A manticore (D:7)
  An unseen horror (D:6)
  Grinder (D:5)
  A wraith (D:8)
  Duvessa (D:6)
  A water moccasin (D:5)
  2 ice beasts (D:6)
  5 ogres
  A centaur (D:5)
  A kobold brigand (D:7)
  2 bullfrogs
  2 scorpions
  Dowan (D:6)
  6 killer bees
  3 wights (D:8)
  A centaur zombie (D:7)
  A hound (D:5)
  A bullfrog skeleton (D:5)
  4 orc priests
  A jelly (D:5)
  A gnoll shaman (D:5)
  Natasha (thrice) (D:4)
  3 orc wizards
  A howler monkey zombie (D:6)
  6 adders
  11 gnolls
  A river rat (D:4)
  A white imp (D:5)
  An ufetubus (D:2)
  6 worms
  2 dart slugs
  21 orcs
  10 ball pythons
  6 bats
  3 endoplasms (D:1)
  7 giant cockroaches
  8 goblins
  10 hobgoblins
  5 quokkas
  2 frilled lizards
  11 kobolds
  5 rats
161 creatures vanquished.

Vanquished Creatures (others)
  A plant (D:2)
1 creature vanquished.

Grand Total: 162 creatures vanquished

Notes
Turn   | Place    | Note
-------+----------+-------------------------------------------
     0 | D:1      | Gwenloh the Minotaur Gladiator began the quest for the Orb.
     0 | D:1      | Reached XP level 1. HP: 18/18 MP: 0/0
   248 | D:1      | Reached XP level 2. HP: 25/25 MP: 1/1
   295 | D:1      | Reached skill level 4 in Axes
  1099 | D:2      | Reached skill level 1 in Armour
  1103 | D:2      | Reached XP level 3. HP: 22/31 MP: 2/2
  1587 | D:2      | Reached XP level 4. HP: 21/38 MP: 3/3
  1827 | D:2      | Found a faded altar of an unknown god.
  2246 | D:2      | 2
  2423 | D:3      | Found an ornate altar of the Wu Jian Council.
  2442 | D:3      | Became a worshipper of the Wu Jian Council
  2463 | D:3      | HP: 2/40 [gnoll (9)]
  2495 | D:3      | Noticed a +0 hand axe
  2501 | D:3      | Noticed a +0 dagger
  2514 | D:3      | Noticed an ogre
  2545 | D:3      | Killed an ogre
  2546 | D:3      | Reached skill level 5 in Axes
  2546 | D:3      | Reached XP level 5. HP: 14/47 MP: 4/4
  2768 | D:3      | Found a hide-covered altar of Uskayaw.
  2848 | D:3      | Noticed an ogre
  2852 | D:3      | Killed an ogre
  2853 | D:3      | Reached XP level 6. HP: 45/55 MP: 5/5
  2994 | D:3      | Found a transporter.
  3010 | D:3      | Found a transporter.
  3095 | D:4      | Reached skill level 5 in Fighting
  3170 | D:4      | Noticed Natasha
  3175 | D:4      | Killed Natasha
  3273 | D:4      | Noticed Natasha
  3277 | D:4      | Killed Natasha
  3288 | D:4      | Found an opulent altar of Gozag.
  3368 | D:4      | Noticed Natasha
  3376 | D:4      | Killed Natasha
  3377 | D:4      | Reached skill level 6 in Axes
  3401 | D:4      | Reached * piety under Wu Jian
  3708 | D:4      | Found a glowing drain.
  3806 | D:5      | Entered Level 5 of the Dungeon
  3912 | D:5      | Reached XP level 7. HP: 55/61 MP: 6/6
  3978 | D:5      | Reached skill level 5 in Dodging
  4388 | D:5      | Reached skill level 7 in Axes
  4409 | D:5      | Found a shimmering altar of Xom.
  4440 | D:5      | You fall into a shaft and drop 3 floors!
  4454 | D:8      | Noticed a wraith
  4466 | D:8      | Killed a wraith
  4467 | D:8      | Reached XP level 8. HP: 26/73 MP: 7/7
  4998 | D:6      | Reached skill level 8 in Axes
  5143 | D:6      | Reached skill level 5 in Armour
  5149 | D:6      | Found a bloodstained altar of Trog.
  5212 | D:6      | Reached ** piety under Wu Jian
  5333 | D:6      | Noticed Duvessa
  5354 | D:6      | Killed Duvessa
  5361 | D:6      | Noticed Dowan
  5380 | D:6      | Killed Dowan
  5690 | D:5      | Noticed Grinder
  5700 | D:5      | Killed Grinder
  5701 | D:5      | Reached XP level 9. HP: 82/82 MP: 8/8
  5789 | D:5      | Reached skill level 9 in Axes
  6567 | D:6      | Found a staircase to the Ecumenical Temple.
  6568 | D:6      | Found a burning altar of Makhleb.
  6756 | D:6      | HP: 2/82 [something (4)]
  7483 | D:6      | Killed an unseen horror
  7669 | D:7      | Noticed a manticore
  7685 | D:7      | Killed a manticore
  7989 | D:7      | Reached skill level 10 in Axes
  8005 | D:7      | Noticed a cyclops
  8014 | D:7      | HP: 2/85 [something (6)]
  8015 | D:7      | Slain by a cyclops

Illustrated notes

#### ...# ##.# #.#
#.# #######
##.#########.....#
................@#
##.###########...#
...# ###...###.#.#
...# #.#.#.##....##
.### #.#.#.##.....#
.#####...#.##.....#
....##............#
.##.##.....##.###.#
.##.##...#.##.# #.#


Turn 2246 on D:2: 2

Levels and vault maps discovered:
D:1:      lightli_arrival_windingriver, layout_basic
D:2:      layout_basic, hellmonk_ecumenical_altar_run_dry, serial_bayou_crossing
D:3:      gammafunk_wand_slinger, layout_basic, dancing_weapons_uskayaw,
          nicolae_wu_jian_wuxing_cycle
D:4:      layout_rooms, grunt_gozag_statues, gup_sewer_entry_bubbles,
          uniq_natasha
D:5:      layout_loops_corners, overflow_temple_1_default, uniq_grinder
D:6:      layout_basic, bloody_makhleb, overflow_temple_1_default,
          minmay_temple_entry_slanted, uniq_duvessa
D:7:      layout_cave_pools, elyvilon_altar_4, nemelex_dance_club_becter,
          nicolae_tso_besieged_by_evil, uniq_maggie
D:8:      layout_basic, okawaru_metal_pillars_1_2, minmay_manual_mandibuliform

Skill      XL: |  1  2  3  4  5  6  7  8  9 |
---------------+----------------------------+-----
Axes           | 4 5 6 7 8 10 | 10.2
Fighting       | 3 4 5 7 8 9 |  9.8
Armour         | 1 2 3 4 5 6 |  6.6
Dodging        | 4 5 6 7 |  7.0
Throwing       | |  2.0

Action                   |  1- 3 |  4- 6 |  7- 9 || total
-------------------------+-------+-------+-------++-------
Melee: War axe           |    59 |   124 |   185 ||   368
       Headbutt          |     5 |    22 |    34 ||    61
 Fire: Hunting sling     |       |     6 |    53 ||    59
       Shortbow          |       |       |    24 ||    24
Throw: Boomerang         |       |     2 |       ||     2
Invok: Lunge             |       |    11 |    16 ||    27
       Whirlwind         |       |     2 |    12 ||    14
 Abil: Wall Jump         |       |       |     2 ||     2
Evoke: Wand              |       |     3 |     3 ||     6
  Use: Scroll            |       |     4 |       ||     4
       Potion            |       |       |     3 ||     3
 Stab: Paralysed         |       |     2 |       ||     2
       Sleeping          |       |       |     1 ||     1
Armor: Leather armour    |     9 |       |   111 ||   120
       Ring mail         |    18 |    33 |    37 ||    88
Dodge: Dodged            |    40 |    69 |   150 ||   259
